AoeStats
← 當場嚇一跳原來開玩笑

Arabia

510294931Analyzed
1v1 RM · 3d ago on Sep 30, 2026· 44m 48s· 2 players
Game mode
Random Map
Map size
Tiny (2 player)
Population
200
Speed
Normal
Resources
Standard
Victory
Conquest
Starting age
Dark Age
Ending age
Imperial Age
RankedLock teamsTeams togetherTeam positionsShared explorationLock speedFull tech treeHidden civsTurbo modeCheats
Victory
Defeat
🇩🇪 Spanish · Germany
1199
+16
1192
-16
當場嚇一跳原來開玩笑
0:25 Loom
8:41 Feudal Age
12:21 Fletching
22:02 Castle Age
19:58 Double-Bit Axe
22:05 Horse Collar
22:20 Gold Mining
22:17 Crossbowman
22:54 Bodkin Arrow
23:52 Bow Saw
31:13 Heavy Plow
36:49 Imperial Age
35:23 Padded Archer Armor
37:19 Leather Archer Armor
37:57 Conscription
37:00 Arbalester
38:09 Bracer
38:37 Ballistics
38:56 Eagle Warrior
39:38 Scale Mail Armor
39:48 Forging
39:55 Elite Eagle Warrior
41:09 Holcans
40:58 Arson
41:13 Squires
41:30 Chain Mail Armor
44:10 Plate Mail Armor
44:28 Iron Casting
Simbo02352
3:31 Loom
10:56 Feudal Age
15:47 Double-Bit Axe
21:04 Castle Age
19:21 Horse Collar
21:59 Bow Saw
23:44 Gold Mining
24:26 Heavy Plow
27:33 Wheelbarrow
30:57 Hand Cart
34:05 Imperial Age
31:21 Town Watch
31:54 Fletching
32:06 Elite Skirmisher
32:45 Bodkin Arrow
32:55 Stone Mining
33:51 Padded Archer Armor
34:43 Ballistics
36:07 Two-Man Saw
35:29 Supremacy
35:12 Bracer
36:30 Conscription
36:58 Leather Archer Armor
38:11 Stone Shaft Mining
38:42 Ring Archer Armor
40:19 Chemistry
39:15 Sappers
40:10 Forging
40:27 Scale Mail Armor
39:49 Pikeman
40:30 Squires
41:22 Bombard Tower
40:58 Murder Holes
41:41 Masonry
42:09 Iron Casting
42:38 Chain Mail Armor
42:34 Fortified Wall
44:13 Blast Furnace
Connection lost

Rejoining the realm…

Still unreachable

The connection could not be restored.

Session expired

The server has moved on; the page needs a fresh start.